 Dungeon Crawl Stone Soup version 0.31-a0-1612-g4aaf141004 (webtiles) character file.

Game seed: 14381050319274239871

93 zenocrate the Sneak (level 4, -3/21 HPs)
             Began as a Vine Stalker Enchanter on Jan 10, 2024.
             Slain by a gnoll
             ... wielding a +3 flail
              (7 damage)
             ... on level 3 of the Dungeon.
             The game lasted 00:02:20 (1561 turns).

zenocrate the Sneak (Vine Stalker Enchanter)        Turns: 1561, Time: 00:02:21

Health: -3/21      AC:  3    Str: 10    XL:     4   Next: 61%
Magic:  0/8        EV: 12    Int: 15    God:
Gold:   121        SH:  0    Dex: 17    Spells: 1/7 levels left

rFire   . . .        a - +1 dagger
rCold   . . .        (no shield)
rNeg    . . .        o - +0 robe
rPois   .            n - +0 helmet
rElec   .            (no cloak)
rCorr   .            (no gloves)
SInv    .            (no boots)
Will    .....        (no amulet)
Stlth   +++          (no ring)
HPRegen 1.03/turn    (no ring)
MPRegen 0.11/turn

%: guardian spirit
@: no status effects
A: fangs 2, regeneration 1, magic shield, antimagic bite, no potion heal 2
a: no special abilities


You were on level 3 of the Dungeon.
You visited 1 branch of the dungeon, and saw 3 of its levels.

You collected 121 gold pieces.

Inventory:

Hand Weapons
 a - a +1 dagger (weapon)
 b - a +0 rapier
Missiles
 e - 9 poisoned darts (quivered)
 g - 2 silver javelins
Armour
 n - a +0 helmet (worn)
 o - a +0 robe (worn)
Wands
 k - a wand of charming (3)
Scrolls
 m - a scroll of enchant armour {unknown}
Potions
 c - 2 potions of invisibility
 d - 3 potions of lignification {unknown}
 f - a potion of magic {unknown}
 h - a potion of haste {unknown}
 i - a potion of mutation {unknown}
 j - a potion of cancellation {unknown}
 l - a potion of brilliance {unknown}


   Skills:
 + Level 0.7 Fighting
 + Level 1.9 Short Blades
 - Level 0.5 Armour
 - Level 1.5 Dodging
 + Level 4.5 Stealth
 - Level 2.1 Spellcasting
 + Level 3.5 Hexes
 + Level 1.3 Ice Magic


You had one spell level left.
You knew the following spells:

 Your Spells              Type           Power      Damage    Failure   Level
a - Ensorcelled Hibernat  Hex/Ice        18%        N/A       12%         2
b - Confusing Touch       Hex            12%        N/A       16%         3
m - Apportation           Tloc           2%         N/A       22%         1

Your spell library contained the following spells:

 Spells                   Type           Power      Damage    Failure   Level
 Necrotise                Necr           4%         1d4       22%         1
 Sting                    Conj/Alch      4%         1d3       22%         1
 Summon Small Mammal      Summ           4%         N/A       22%         1
 Tukima's Dance           Hex            12%        N/A       16%         3
 Dazzling Flash           Conj/Hex       14%        N/A       30%         3


Dungeon Overview and Level Annotations

Branches:
Dungeon (3/15)

Altars:
Yredelemnul


Innate Abilities, Weirdness & Mutations

You have extremely sharp teeth.
Your natural rate of healing is unusually fast.
When hurt, damage is shared between your health and your magic reserves.
Your bite disrupts and absorbs the magic of your enemies.
Potions cannot restore your health.


Message History

Aim: an orc priest, wielding a +0 club and wearing a +0 scale mail (wandering, hasn't noticed you, chance to affect: 43%)
The orc priest shouts!
The orc priest looks drowsy...
You hear a shout!
A gnoll comes into view. It is wielding a +3 flail.
The orc priest shouts!
The orc priest closely misses you.
You closely miss the orc priest.
You bite the orc priest, but do no damage.
The orc priest hits you but does no damage.
You hit the orc priest but do no damage.
Your bite misses the orc priest. The orc priest misses you.
There are monsters nearby!
You hit the orc priest but do no damage.
The orc priest mumbles some strange prayers to Beogh against you.
Pain shoots through your body!
Casting: Ensorcelled Hibernation (safe; 12% risk of failure)
Confirm with . or Enter, or press ? or * to list all spells.
Okay, then.
You hit the orc priest but do no damage.
You bite the orc priest. You drain its power.
You feel invigorated.
The orc priest is lightly wounded.
The orc priest misses you.
You barely miss the orc priest.
The orc priest is lightly wounded.
The gnoll hits you with a +3 flail! The orc priest completely misses you.
The orc priest hits you with a +0 club.
Unknown command.
The gnoll attacks as it pursues you! The gnoll hits you with a +3 flail!
* * * LOW HITPOINT WARNING * * *
The orc priest casts a cantrip, but nothing happens.
Unknown command.
Casting: Confusing Touch (extremely dangerous; 16% risk of failure)
Confirm with . or Enter, or press ? or * to list all spells.
Aiming: Ensorcelled Hibernation (safe; 12% risk of failure)
Press: ? - help, Shift-Dir - straight line, f - gnoll, p - orc priest
Aim: a gnoll, wielding a +3 flail (chance to affect: 51%)
The gnoll resists with significant effort.
The gnoll hits you with a +3 flail!
You die...

## #.# ..... .#.#
.# ... .#
♣♣♣♣###.# .#
......#.#####.#
......o.......###
♣♣♣♣###g###.....#
#@###.....#
#.........#
####......#
##.#.....#
#)###..###
##.#...# ♣
##)#[.#
♣...####.#..#
#.........#


You could see an orc priest and a gnoll.

Vanquished Creatures
  An orc wizard (D:3)
  2 gnolls (D:3)
  3 ribbon worms
  A dart slug (D:2)
  3 orcs (D:3)
  3 ball pythons
  5 endoplasms
  3 giant cockroaches
  5 hobgoblins
  4 kobolds
  2 quokkas
  A bat (D:3)
  2 frilled lizards
  A rat (D:2)
36 creatures vanquished.

Notes
Turn   | Place    | Note
-------+----------+-------------------------------------------
     0 | D:1      | zenocrate the Vine Stalker Enchanter began the quest for
                  | the Orb.
     0 | D:1      | Reached XP level 1. HP: 9/9 MP: 4/4
    33 | D:1      | Reached skill level 1 in Short Blades
   149 | D:1      | Reached XP level 2. HP: 10/13 MP: 4/6
   152 | D:1      | Learned a level 2 spell: Ensorcelled Hibernation
   243 | D:1      | Reached skill level 4 in Stealth
   425 | D:1      | Found a faded altar of an unknown god.
   810 | D:2      | Reached XP level 3. HP: 15/16 MP: 3/7
   814 | D:2      | Learned a level 3 spell: Confusing Touch
   896 | D:2      | Found a basalt altar of Yredelemnul.
   957 | D:2      | Identified the +4 chain mail "Decsixun" {MP+9}
  1367 | D:2      | Learned a level 1 spell: Apportation
  1494 | D:3      | Reached skill level 1 in Ice Magic
  1494 | D:3      | Reached XP level 4. HP: 21/21 MP: 5/8
  1561 | D:3      | Slain by a gnoll

Illustrated notes

Levels and vault maps discovered:
D:1:      mrwooster_arrival_statue_2, layout_basic,
          shapermc_ecumenical_altar_flowoftime
D:2:      layout_basic, basic_altar, guppyfry_early_lair_pool
D:3:      kb_forest_paths, layout_loops_ring, chequers_jeans

Skill      XL: |  1  2  3 |
---------------+----------+-----
Short Blades   | 1 |  1.9
Stealth        | 4 |  4.5
Ice Magic      | 1 |  1.3
Fighting       | |  0.7
Armour         | |  0.5
Dodging        | |  1.5
Spellcasting   | |  2.1
Hexes          | |  3.5

Action                     |  1- 3 |  4- 6 || total
---------------------------+-------+-------++-------
  Melee: Dagger            |    96 |    10 ||   106
         Bite              |    23 |     4 ||    27
         Punch             |     1 |       ||     1
   Cast: Ensorcelled Hiber |    10 |     5 ||    15
   Stab: Sleeping          |    13 |     3 ||    16
 Armour: Robe              |    46 |     5 ||    51
  Dodge: Dodged            |    57 |     5 ||    62

Table legend: (Time is in decaauts)
 A = Elapsed time spent in this place.
 B = Non-inter-level travel time spent in this place.
 C = Inter-level travel time spent in this place.
 D = Time resting spent in this place.
 E = Time spent auto-exploring this place.
 F = Levels seen in this place.
 G = Mean time per level.
                   A        B        C        D        E       F      G
               +--------+--------+--------+--------+--------+-----+--------+
         Total |   1555 |   1520 |     35 |      8 |   1206 |   3 |  518.3 |
       Dungeon |   1555 |   1520 |     35 |      8 |   1206 |   3 |  518.3 |
               +--------+--------+--------+--------+--------+-----+--------+

Top non-repeatable levels by time:
     D:1: 728 daAuts
     D:2: 656 daAuts
     D:3: 171 daAuts
